 Dungeon Crawl Stone Soup version bcrawl-1.27.1d (console) character file.

Game seed: 17974307564498534112

415572 GodsVoicemail the Markscentaur (level 16, -4/135 HPs)
             Began as a Centaur Arcane Marksman on July 16, 2020.
             Was the Champion of Okawaru.
             Slain by a vampire mosquito (8 damage)
             ... on level 3 of the Swamp on July 17, 2020.
             The game lasted 03:56:30 (32891 turns).

GodsVoicemail the Markscentaur (CeAM)              Turns: 32891, Time: 03:56:31

Health: -4/135     AC: 15    Str: 17    XL:     16   Next: 36%
Magic:  24/27      EV: 17    Int: 16    God:    Okawaru [******]
Gold:   463        SH:  0    Dex: 20    Spells: 17/30 levels left

rFire    + + .     SeeInvis .   b - +7 longbow (flame)
rCold    . . .     Gourm    .   (shield currently unavailable)
rNeg     . . .     Faith    .   S - +1 ring mail of Greed {rElec MR+ Regen+}
rPois    +         Spirit   .   s - +0 hat {Int+3}
rElec    +         Reflect  .   v - +0 cloak
rCorr    .         Harm     .   D - +0 pair of gloves
MR       ++...                  J - +1 barding
Stlth    ++........             u - amulet of magic regeneration
HPRegen  1.72/turn              V - ring of Eciokk {rPois rF+ Dex+5}
MPRegen  0.45/turn              K - +3 ring of evasion

@: lethally poisoned (-4 -> -5), heroism, very slightly contaminated,
regenerating (expiring), hasted, lightly drained, very quick
A: large, hooves 3, blurry vision 1, deformed body, fire resistance 1,
herbivore, speed 2, tough skin 3
a: Heroism, Finesse, Renounce Religion


You were on level 3 of the Swamp.
You worshipped Okawaru.
Okawaru was exalted by your worship.
You were very hungry.

You visited 5 branches of the dungeon, and saw 23 of its levels.
You also visited: Sewer.

You collected 2680 gold pieces.
You spent 2217 gold pieces at shops.

Inventory:

Hand Weapons
 a - a +5 dagger of venom
 b - a +7 longbow of flaming (weapon)
 q - a +0 blowgun
 w - a +3 hunting sling of freezing
 T - the +10 short sword of Enia {flame, rPois rF+ Str-5 Int+5}
   (Okawaru gifted it to you on level 2 of the Swamp)

   It has been specially enchanted to surge with flame as it hits, increasing
   damage dealt by approximately one third against foes not resistant or
   susceptible to fire.
   It affects your strength (-5).
   It affects your intelligence (+5).
   It protects you from fire.
   It protects you from poison.
 Z - the +6 shortbow "Ubuara" {venom, Str+4 Dex+3 SInv}
   (Okawaru gifted it to you on level 11 of the Dungeon)

   It poisons the ammo it fires.
   It affects your strength (+4).
   It affects your dexterity (+3).
   It lets you see invisible.
Missiles
 f - 4649 arrows (quivered)
 j - 4256 stones
 m - 937 sling bullets
 y - 253 javelins
 A - 34 curare-tipped needles
 G - 7 throwing nets {=f}
 M - 49 exploding tomahawks
Armour
 s - a +0 hat of intelligence (worn)
 v - a +0 cloak (worn)
 D - a +0 pair of gloves (worn)
 J - a +1 barding (worn)
 S - the +1 ring mail of Greed (worn) {rElec MR+ Regen+}
   (You bought it in a shop in the Orcish Mines)

   It insulates you from electricity.
   It affects your resistance to hostile enchantments.
   It increases your rate of regeneration.
Jewellery
 u - an amulet of magic regeneration (around neck)
 K - a +3 ring of evasion (right hand)
 V - the ring of Eciokk (left hand) {rPois rF+ Dex+5}
   (You bought it in a shop in the Orcish Mines)

   [ring of protection from fire]

   It affects your dexterity (+5).
   It protects you from fire.
   It protects you from poison.
Wands
 i - a wand of enslavement (9)
 l - a wand of iceblast (37)
 n - a wand of acid (10)
 x - a wand of paralysis (13)
 B - a wand of disintegration (25)
 R - a wand of digging (13)
 W - a wand of clouds (4)
Scrolls
 d - 15 scrolls of remove curse
 h - 3 scrolls of magic mapping
 k - a scroll of immolation
 o - 9 scrolls of teleportation
 p - a scroll of vulnerability
 F - 2 scrolls of fog
 H - 3 scrolls of blinking
 I - 3 scrolls of identify
 L - 2 scrolls of enchant weapon
 U - 7 scrolls of amnesia
Potions
 r - 2 potions of mutation
 t - 2 potions of agility
 z - 5 potions of curing
 C - 3 potions of flight
 E - 2 potions of lignification
 N - a potion of invisibility
 P - 3 potions of cancellation
 Q - a potion of resistance
Miscellaneous
 c - a lightning rod (1/4)
 O - a fan of gales (2/2)
Comestibles
 e - 17 rations {!d}


   Skills:
 - Level 10.4(15.0) Fighting
 - Level 10.5(15.1) Short Blades
 * Level 20.4(24.9) Bows
 + Level 6.6(11.2) Throwing
 + Level 5.7(10.3) Dodging
 - Level 7.9(7.6) Spellcasting
 - Level 6.2(5.9) Hexes
 - Level 5.0(4.6) Charms
 - Level 3.0(2.7) Necromancy
 - Level 4.0(3.7) Translocations
 - Level 3.0(2.7) Fire Magic
 + Level 12.2(11.9) Invocations
 + Level 5.2(4.9) Evocations


You had 17 spell levels left.
You knew the following spells:

 Your Spells              Type           Power        Failure   Level  Hunger
a - Shackle               Hex            ####....     2%          2    None
b - False Image           Hex/Summ       ###.....     19%         3    None
c - Inner Flame           Hex/Fire       N/A          11%         3    None
d - Regeneration          Chrm/Necr      ###.......   13%         3    None
e - Blink                 Tloc           N/A          7%          2    None

Your spell library contained the following spells:

 Spells                   Type           Power        Failure   Level  Hunger
 Corona                   Hex            ####...      1%          1    None
 Infusion                 Chrm           ###.....     3%          1    None
 Song of Slaying          Chrm           ###.....     4%          2    None
 Spectral Weapon          Hex/Chrm       ###.....     7%          3    None
 Ensorcelled Hibernation  Hex/Ice        ###...       9%          2    None
 Throw Frost              Conj/Ice       #.....       12%         2    None
 Cause Fear               Hex            ####......   19%         4    ###....
 Freeze                   Ice            #.....       21%         1    None
 Magic Dart               Conj           #...         21%         1    None
 Ozocubu's Armour         Chrm/Ice       ##......     22%         3    None
 Call Imp                 Summ           #.....       30%         2    None
 Conjure Flame            Conj/Fire      ##......     34%         3    None
 Mephitic Cloud           Conj/Pois/Air  #.......     52%         3    None
 Spider Form              Tmut/Pois      #..          52%         3    None
 Yara's Violent Unravell  Hex/Tmut       ###.......   52%         4    ###....
 Ice Form                 Ice/Tmut       #.......     90%         4    ###....
 Summon Ice Beast         Ice/Summ       #.......     90%         4    ###....
 Throw Icicle             Conj/Ice       #.......     90%         4    ###....
 Darkness                 Hex            ####......   95%         6    ######.
 Borgnjor's Vile Clutch   Necr/Erth      ##........   100%        6    ######.
 Infestation              Hex/Tmut/Pois  ##.......    100%        6    ######.
 Shadow Creatures         Summ           N/A          100%        6    ######.
 Time Stop                Chrm/Tloc      N/A          100%        8    #######


Dungeon Overview and Level Annotations

Branches:
Dungeon (12/12)            Temple (0/1) D:6            Lair (6/6) D:8
  Swamp (3/3) Lair:4       Spider (1/3) Lair:2        Slime (0/5) Lair:6
    Orc (1/1) D:9             Elf (0/3) Orc          Vaults (0/3) D:11
 Depths (0/5) D:12

Altars:
Gozag
Kikubaaqudgha
Nemelex Xobeh
Okawaru
Qazlal
Sif Muna
Trog
Vehumet
Wu Jian
Xom
Zin
Beogh
Jiyva

Shops:
D:4 %   D:11 }   Orc =%(*[!

Annotations:
D:6 1 runed translucent door, exclusion: oklob plant, Banto's ghost, novice DgWn
D:7 5 runed doors
D:8 exclusion: downstairs
D:10 Josephine
Lair:1 3 runed translucent doors, exclusion: oklob plant, zzzzzzzz's ghost, journeyman SpEn
Swamp:1 exclusion: downstairs


Innate Abilities, Weirdness & Mutations

You have hooves in place of feet.
Armour fits poorly on your strangely shaped body.
You are a herbivore.
You cover ground very quickly.
You have extremely tough skin. (AC +3)
Scrolls take you a little longer to read.
Your flesh is heat resistant. (rF+)


Message History

The vampire mosquito bites you!
* * * LOW HITPOINT WARNING * * *
The vampire mosquito draws strength from your injuries!
The vampire mosquito closely misses you.
You feel sick.
The vampire mosquito bites you but does no damage.
You begin reading the scroll.
You continue reading the scroll.
You feel sick. The vampire mosquito misses you.
The black mamba barely misses you. The adder closely misses you.
The vampire mosquito barely misses you. The vampire mosquito misses you.
As you read the scroll of fear, it crumbles to dust.
You assume a fearsome visage.
The adder looks frightened!
The ball python looks frightened!
The black mamba looks frightened!
The vampire mosquito is unaffected. x2
You feel sick.
You begin reading the scroll.
You continue reading the scroll.
You feel sick.
The vampire mosquito bites you but does no damage.
The vampire mosquito barely misses you. The vampire mosquito bites you!
You die...

♣..≈≈≈≈≈≈.≈≈ ♣.≈≈≈≈≈≈≈≈≈.
♣≈≈≈≈≈≈≈≈≈≈. ♣.≈≈≈≈≈≈≈≈≈. ♣♣
♣♣♣ ♣♣.≈≈≈≈≈≈≈≈.. ♣♣).
♣♣♣≈♣♣♣♣♣♣≈≈≈≈≈≈≈≈≈≈..
♣..S♣♣♣.S≈≈..≈≈≈≈.≈≈≈≈≈.≈†..
[≈.♣(♣≈..†y...§≈≈≈≈≈≈≈≈..≈≈.
.≈≈...♣.≈≈y@≈≈≈.......♣♣..≈♣
..≈≈☼§†≈≈†.≈≈≈≈..≈.....♣♣♣♣♣
.≈.≈§§○..SS≈≈≈≈.......♣♣
≈.≈♣§§...≈≈≈≈≈≈..≈≈.≈♣♣ ♣♣
≈.≈≈♣.≈≈.≈≈≈≈...≈≈≈.≈.♣ ♣♣≈
.≈.♣♣♣...≈≈≈....≈≈≈..≈.♣ ♣≈≈
..≈ #♣≈♣♣.≈.......%.≈.....≈
.. ♣♣♣≈♣....≈≈.#...≈≈≈.%≈
♣♣♣......≈≈.≈..♣.≈≈


You could see a black mamba (fleeing), 2 vampire mosquitoes, an adder (fleeing)
and a ball python (fleeing).

Vanquished Creatures
  A thorn hunter (Swamp:2)
  Kirke (Lair:3)
  Urug (D:10)
  A fire dragon (Lair:6)
  Harold (D:8)
  8 vault guards (D:11)
  Psyche (D:8)
  A ghost crab (Swamp:2)
  8 hydras
  3 ogre magi
  3 centaur warriors
  13 alligators
  15 two-headed ogres
  A tengu warrior (D:9)
  5 death yaks (Lair:5)
  2 deep trolls (Orc)
  8 skeletal warriors (D:12)
  A lindwurm (Lair:6)
  2 spriggan druids
  A swamp dragon (Swamp:1)
  2 cyclopes (Orc)
  2 deep elf magi (D:12)
  4 ugly things
  An orc knight (D:11)
  3 orc sorcerers
  5 wolf spiders
  3 manticores
  5 elephants
  10 black mambas
  Joseph (D:7)
  A guardian serpent (Lair:6)
  Maurice (D:9)
  A gargoyle (D:11)
  5 torpor snails (Lair:6)
  18 cane toads
  A demonic crawler (Lair:2)
  8 komodo dragons
  A kobold demonologist (D:11)
  A tengu conjurer (D:9)
  8 trolls
  3 polar bears
  11 tyrant leeches
  2 slime creatures
  Prince Ribbit (D:6)
  13 dream sheep (Lair:6)
  12 hornets
  15 blink frogs
  3 bog bodies
  10 hippogriffs
  13 wyverns
  3 redbacks (Lair:6)
  2 spriggans
  2 vampires
  2 wraiths (D:11)
  5 hogs
  57 yaks
  7 basilisks
  2 steam dragons
  A hungry ghost (D:12)
  2 humans
  A vampire mosquito (Swamp:3)
  9 swamp worms
  2 wargs (D:9)
  17 insubstantial wisps
  14 crocodiles
  19 water moccasins
  10 orc warriors
  10 porcupines
  5 swamp drakes
  3 sky beasts
  4 ice beasts
  2 eyes of draining
  3 black bears
  A black bear (shapeshifter) (D:12)
  A necrophage (D:6)
  2 phantoms (D:4)
  8 wolves
  10 centaurs
  28 ogres
  8 bullfrogs
  3 big kobolds
  6 scorpions
  A wyvern skeleton (D:9)
  3 killer bees (D:10)
  2 electric eels
  A howler monkey (D:6)
  7 jellies
  6 centaur zombies
  10 crimson imps
  A quasit (D:8)
  10 hounds
  13 orc priests
  8 centaur skeletons
  3 bullfrog skeletons
  6 iguanas
  17 orc wizards
  8 worker ants
  A hound skeleton (D:7)
  2 gnolls (D:2)
  12 adders
  A river rat (D:5)
  2 shadow imps
  4 oozes
  3 adder skeletons
  3 worms
  4 dart slugs
  9 leopard geckos
  39 orcs
  2 ball pythons
  3 giant cockroaches
  7 goblins
  11 hobgoblins
  19 jackals
  24 kobolds
  3 quokkas
  7 bats
  6 frilled lizards
  A quokka skeleton (D:4)
  7 rats
  A rat zombie (D:5)
  A fungus (Lair:6)
758 creatures vanquished.

Vanquished Creatures (collateral kills)
  Erica (Lair:2)
  A cane toad (Lair:2)
2 creatures vanquished.

Vanquished Creatures (others)
  A wizard (D:12)
  A dream sheep (Lair:6)
  A blink frog (Lair:6)
  A wyvern (Lair:6)
  2 water moccasins (Lair:6)
  2 crocodiles (Lair:6)
  A hound (D:12)
  33 fungi
  51 plants
  2 withered plants (D:6)
95 creatures vanquished.

Grand Total: 855 creatures vanquished

Notes
Turn   | Place    | Note
-------+----------+-------------------------------------------
     0 | D:1      | GodsVoicemail the Centaur Arcane Marksman began the quest
                  | for the Orb.
     0 | D:1      | Reached XP level 1. HP: 17/17 MP: 3/3
    21 | D:1      | Reached skill level 3 in Bows
    41 | D:1      | Reached skill level 1 in Short Blades
    41 | D:1      | Reached XP level 2. HP: 13/24 MP: 5/5
   505 | D:1      | Reached XP level 3. HP: 22/29 MP: 6/6
   729 | D:1      | Reached skill level 4 in Bows
  1118 | D:2      | Found a sparkling altar of Nemelex Xobeh.
  1298 | D:2      | Found an iron altar of Okawaru.
  1306 | D:2      | Gained mutation: Scrolls take you a little longer to read.
                  | [potion of mutation]
  1306 | D:2      | Gained mutation: Your flesh is heat resistant. (rF+)
                  | [potion of mutation]
  1672 | D:2      | Reached XP level 4. HP: 34/36 MP: 7/7
  2267 | D:2      | Became a worshipper of Warmaster Okawaru
  2316 | D:3      | Reached skill level 5 in Bows
  2408 | D:3      | Reached XP level 5. HP: 37/41 MP: 8/8
  2841 | D:3      | Reached skill level 6 in Bows
  2841 | D:3      | Reached XP level 6. HP: 48/48 MP: 9/9
  3152 | D:4      | Reached * piety under Okawaru
  3163 | D:4      | Reached skill level 7 in Bows
  3191 | D:4      | Found Xakau's Food Shoppe.
  3341 | D:4      | Reached XP level 7. HP: 32/55 MP: 10/10
  3403 | D:4      | Learned a level 2 spell: Shackle
  3686 | D:4      | Reached skill level 5 in Short Blades
  3695 | D:4      | Reached skill level 8 in Bows
  4005 | D:5      | Entered Level 5 of the Dungeon
  4186 | D:5      | Reached XP level 8. HP: 63/63 MP: 11/11
  4204 | D:5      | Reached ** piety under Okawaru
  4221 | D:5      | Found a glowing drain.
  4229 | Sewer    | Entered a sewer
  4393 | D:5      | Learned a level 3 spell: False Image
  4454 | D:5      | Found an ancient bone altar of Kikubaaqudgha.
  4570 | D:5      | Reached skill level 9 in Bows
  4570 | D:5      | Reached skill level 1 in Invocations
  5024 | D:5      | Learned a level 3 spell: Inner Flame
  5403 | D:6      | Found a stormy altar of Qazlal.
  5403 | D:6      | Noticed an oklob plant
  5427 | D:6      | Found a staircase to the Ecumenical Temple.
  5599 | D:6      | Found a runed translucent door.
  5599 | D:6      | Noticed Banto's ghost (novice DgWn)
  5641 | D:6      | Reached skill level 1 in Fire Magic
  5740 | D:6      | Reached skill level 10 in Bows
  5740 | D:6      | Reached XP level 9. HP: 58/72 MP: 12/12
  5780 | D:6      | Found a glowing silver altar of Zin.
  6257 | D:7      | Found the +9 staff of Olgreb {rPois}
  6260 | D:7      | Found a runed door.
  6273 | D:7      | Noticed Joseph
  6299 | D:7      | Killed Joseph
  6299 | D:7      | Reached *** piety under Okawaru
  6352 | D:7      | Found a runed gate.
  6353 | D:7      | Found a runed door.
  6355 | D:7      | Found Nareluc's Food Shoppe.
  6357 | D:7      | Noticed Prince Ribbit
  6390 | D:7      | Reached skill level 5 in Fighting
  6762 | D:7      | Found a runed gate.
  6769 | D:7      | Found a runed gate.
  6804 | D:6      | Killed Prince Ribbit
  7040 | D:7      | Found a shimmering altar of Xom.
  7220 | D:7      | Reached skill level 11 in Bows
  7252 | D:7      | Reached **** piety under Okawaru
  7252 | D:7      | Received a gift from Okawaru
  7252 | D:7      | Reached XP level 10. HP: 65/81 MP: 7/15
  7516 | D:8      | Noticed Maurice
  7809 | D:8      | Received a gift from Okawaru
  7977 | D:8      | Found a staircase to the Lair.
  7994 | D:8      | Reached skill level 12 in Bows
  8270 | D:7      | Reached skill level 5 in Invocations
  8395 | D:9      | Killed Maurice
  8395 | D:9      | Received a gift from Okawaru
  8546 | D:8      | Noticed a centaur warrior
  8561 | D:8      | Killed a centaur warrior
  8561 | D:8      | Received a gift from Okawaru
  8620 | D:8      | Noticed Harold
  8645 | D:8      | Killed Harold
  8645 | D:8      | Reached XP level 11. HP: 38/88 MP: 5/16
  8817 | D:8      | Found a radiant altar of Vehumet.
  9034 | D:8      | Noticed Psyche
  9061 | D:8      | Killed Psyche
  9552 | D:9      | Found an opulent altar of Gozag.
  9575 | D:9      | Reached skill level 13 in Bows
  9622 | D:9      | Reached ***** piety under Okawaru
  9801 | D:9      | Noticed a tengu warrior
  9878 | D:10     | Entered Level 10 of the Dungeon
  9878 | D:10     | Noticed a brown ugly thing
  9922 | D:10     | Noticed Urug
 10082 | D:10     | Noticed a cyan ugly thing
 10116 | D:10     | Killed a cyan ugly thing
 10116 | D:10     | Received a gift from Okawaru
 10116 | D:10     | Reached skill level 1 in Throwing
 10293 | D:10     | Received a gift from Okawaru
 10302 | D:10     | Found a shimmering blue altar of Sif Muna.
 10418 | D:10     | Killed Urug
 10422 | D:10     | Noticed a purple ugly thing
 10572 | D:9      | Killed a purple ugly thing
 10670 | D:9      | Noticed a two-headed ogre
 10731 | D:8      | Killed a two-headed ogre
 10731 | D:8      | Received a gift from Okawaru
 10731 | D:8      | Reached skill level 10 in Short Blades
 11031 | Lair:1   | Entered Level 1 of the Lair of Beasts
 11047 | D:8      | Reached skill level 14 in Bows
 11055 | D:8      | Received a gift from Okawaru
 11058 | D:8      | Got a slimy barding {god gift}
 11061 | D:8      | Identified the +0 barding "Maelak Osh" {rElec rCorr Int-3
                  | Dex-5} (Okawaru gifted it to you on level 8 of the Dungeon)
 11118 | D:8      | Learned a level 3 spell: Regeneration
 11418 | Lair:1   | Found a runed translucent gate.
 11418 | Lair:1   | Found a runed translucent gate.
 11418 | Lair:1   | Found a runed translucent gate.
 11457 | Lair:1   | Noticed a five-headed hydra
 11494 | Lair:1   | Killed a five-headed hydra
 11494 | Lair:1   | Reached skill level 1 in Charms
 11509 | Lair:1   | Reached XP level 12. HP: 100/100 MP: 17/17
 11588 | Lair:1   | Reached skill level 1 in Necromancy
 11839 | Lair:1   | Noticed zzzzzzzz's ghost (journeyman SpEn)
 12455 | Lair:2   | Found a hole to the Spider Nest.
 13028 | Lair:2   | Noticed Erica
 13047 | Lair:2   | Killed Erica
 13379 | Lair:3   | Reached skill level 15 in Bows
 13647 | Lair:3   | Noticed Kirke
 13662 | Lair:3   | Killed Kirke
 13702 | Lair:3   | Received a gift from Okawaru
 14015 | Lair:3   | Got a fabulously ornate robe
 14018 | Lair:3   | Identified the cursed +1 robe "Ikoutog" {*Drain Str+6} (You
                  | found it on level 3 of the Lair of Beasts)
 14348 | Lair:4   | Found an ornate altar of the Wu Jian Council.
 14451 | Lair:4   | Reached skill level 5 in Spellcasting
 14825 | Lair:4   | Reached XP level 13. HP: 104/107 MP: 20/20
 15286 | Lair:4   | Received a gift from Okawaru
 15424 | Lair:4   | Found a staircase to the Swamp.
 15718 | Lair:4   | Reached skill level 5 in Hexes
 16367 | Lair:5   | Reached skill level 16 in Bows
 16388 | Lair:4   | Received a gift from Okawaru
 17437 | D:10     | Noticed Josephine
 17733 | D:9      | Found a staircase to the Orcish Mines.
 17751 | D:9      | Reached skill level 1 in Evocations
 18302 | D:9      | Found a bloodstained altar of Trog.
 18525 | D:9      | Found a roughly hewn altar of Beogh.
 18968 | D:9      | Learned a level 2 spell: Blink
 19381 | D:11     | Found Souph's Gadget Boutique.
 19436 | D:11     | Found a gate to the Vaults.
 19479 | D:11     | Received a gift from Okawaru
 19743 | D:11     | Received a gift from Okawaru
 19835 | D:11     | Reached skill level 1 in Translocations
 19938 | D:11     | Reached skill level 5 in Charms
 20357 | D:11     | Received a gift from Okawaru
 20358 | D:11     | Got a crude shortbow {god gift}
 20365 | D:11     | Identified the +6 shortbow "Ubuara" {venom, Str+4 Dex+3
                  | SInv} (Okawaru gifted it to you on level 11 of the Dungeon)
 20627 | D:11     | Bought a wand of acid (3) for 104 gold pieces
 20627 | D:11     | Bought a wand of digging (4) for 130 gold pieces
 20849 | Orc      | Entered the Orcish Mines
 20894 | D:9      | Reached XP level 14. HP: 99/116 MP: 23/23
 21024 | Orc      | Found Kuneoqir's Antique Armour Shoppe.
 21027 | Orc      | Bought an ichor-stained ring mail for 342 gold pieces
 21240 | Orc      | Found Bumiz's Distillery.
 21341 | D:9      | Reached skill level 17 in Bows
 21453 | Orc      | Found a staircase to the Elven Halls.
 21613 | Orc      | Found Tuotyntu's Jewellery Shoppe.
 22429 | Orc      | Received a gift from Okawaru
 22686 | Orc      | Reached skill level 10 in Invocations
 22841 | Orc      | Found Pissures's Food Emporium.
 22843 | Orc      | Found Puen's Antique Weapon Boutique.
 22849 | Orc      | Found Omeselakh's Assorted Antiques.
 22872 | Orc      | Bought the ring of Eciokk {rPois rF+ Dex+5} for 700 gold
                  | pieces
 22986 | Orc      | Bought a potion of haste for 140 gold pieces
 22986 | Orc      | Bought a potion of heal wounds for 70 gold pieces
 22986 | Orc      | Bought a potion of agility for 56 gold pieces
 22986 | Orc      | Bought 2 potions of curing for 70 gold pieces
 23851 | Lair:5   | Received a gift from Okawaru
 24174 | Lair:6   | Entered Level 6 of the Lair of Beasts
 24248 | Lair:6   | Received a gift from Okawaru
 24365 | Lair:6   | Reached skill level 18 in Bows
 24785 | Lair:6   | Reached ****** piety under Okawaru
 24903 | Lair:6   | Received a gift from Okawaru
 25100 | Lair:6   | Reached XP level 15. HP: 125/126 MP: 22/26
 25190 | Lair:6   | Received a gift from Okawaru
 25512 | Lair:6   | Reached skill level 10 in Fighting
 25695 | Lair:6   | Identified the +1 ring mail of Greed {rElec MR+ Regen+}
                  | (You bought it in a shop in the Orcish Mines)
 25886 | Lair:6   | Found a runed door.
 26010 | Lair:6   | Found a viscous altar of Jiyva.
 26010 | Lair:6   | Found a staircase to the Slime Pits.
 26010 | Lair:6   | Found a viscous altar of Jiyva.
 26877 | Lair:6   | Received a gift from Okawaru
 26928 | Lair:6   | Got a shimmering silver ring
 26931 | Lair:6   | Identified the ring "Ryumm" {Fire MR+} (You found it on
                  | level 6 of the Lair of Beasts)
 26989 | Lair:6   | Reached skill level 19 in Bows
 27452 | D:7      | Bought a ration for 55 gold pieces
 27452 | D:7      | Bought a ration for 55 gold pieces
 27452 | D:7      | Bought a ration for 55 gold pieces
 27452 | D:7      | Bought a ration for 55 gold pieces
 27452 | D:7      | Bought a ration for 55 gold pieces
 27452 | D:7      | Bought a ration for 55 gold pieces
 27452 | D:7      | Bought a ration for 55 gold pieces
 27452 | D:7      | Bought a ration for 55 gold pieces
 27452 | D:7      | Bought a ration for 55 gold pieces
 27452 | D:7      | Bought a ration for 55 gold pieces
 27452 | D:7      | Bought a ration for 55 gold pieces
 27588 | D:12     | Entered Level 12 of the Dungeon
 28207 | D:12     | Found a staircase to the Depths.
 28338 | D:12     | Received a gift from Okawaru
 28929 | D:12     | Reached skill level 5 in Throwing
 29587 | Spider:1 | Entered Level 1 of the Spider Nest
 29804 | Swamp:1  | Entered Level 1 of the Swamp
 29868 | Swamp:1  | Received a gift from Okawaru
 29969 | Swamp:1  | Reached skill level 5 in Dodging
 31122 | Swamp:2  | Reached XP level 16. HP: 135/135 MP: 27/27
 31343 | Swamp:2  | Reached skill level 20 in Bows
 31381 | Swamp:2  | Received a gift from Okawaru
 31476 | Swamp:1  | Reached skill level 5 in Evocations
 31767 | Swamp:2  | Received a gift from Okawaru
 31775 | Swamp:2  | Got a crude short sword {god gift}
 31779 | Swamp:2  | Identified the +10 short sword of Enia {flame, rPois rF+
                  | Str-5 Int+5} (Okawaru gifted it to you on level 2 of the
                  | Swamp)
 31804 | Swamp:2  | Noticed a thorn hunter
 31816 | Swamp:2  | Killed a thorn hunter
 32314 | Swamp:3  | Entered Level 3 of the Swamp
 32887 | Swamp:3  | HP: 4/135 [vampire mosquito (10)]
 32891 | Swamp:3  | Slain by a vampire mosquito

Skill      XL: |  1  2  3  4  5  6  7  8  9 10 11 12 13 14 15 16 |
---------------+-------------------------------------------------+-----
Bows           | 3 4 5 6 7 8 10 11 12 14 15 16 18 19 20 | 20.4
Short Blades   | 1 2 3 4 5 6 7 9 10 | 10.5
Fighting       | 3 4 5 7 8 9 10 | 10.4
Invocations    | 2 4 5 7 8 9 10 11 12 | 12.2
Fire Magic     | 1 2 3 |  3.0
Hexes          | 3 4 6 |  6.2
Spellcasting   | 3 5 6 7 |  7.9
Dodging        | 3 4 5 |  5.7
Throwing       | 2 4 5 6 |  6.6
Charms         | 1 4 5 |  5.0
Necromancy     | 2 3 |  3.0
Evocations     | 2 3 4 5 |  5.2
Translocations | 2 4 |  4.0

Action                   |  1- 3 |  4- 6 |  7- 9 | 10-12 | 13-15 | 16-18 || total
-------------------------+-------+-------+-------+-------+-------+-------++-------
Melee: Dagger            |   137 |   133 |   299 |   722 |  1313 |    79 ||  2683
       Kick              |    31 |    35 |    90 |   234 |   509 |    28 ||   927
       Punch             |       |       |       |     9 |     8 |       ||    17
 Fire: Shortbow          |     3 |     6 |    81 |    69 |   469 |       ||   628
       Hunting sling     |       |       |     3 |   270 |   410 |       ||   683
       Blowgun           |       |       |       |     1 |       |       ||     1
       Longbow           |       |       |       |       |   134 |   206 ||   340
Throw: Stone             |     2 |       |     5 |       |     2 |       ||     9
       Tomahawk          |       |     4 |    11 |     8 |    16 |       ||    39
       Javelin           |       |       |       |       |     3 |     1 ||     4
 Cast: Shackle           |       |       |       |       |    54 |       ||    54
       Regeneration      |       |       |       |       |    86 |    17 ||   103
       False Image       |       |       |       |       |     1 |       ||     1
       Blink             |       |       |       |       |     5 |     3 ||     8
       Inner Flame       |       |       |       |       |     1 |       ||     1
Invok: Heroism           |       |       |     7 |    24 |    31 |     5 ||    67
Evoke: Wand              |       |       |       |     3 |    12 |     6 ||    21
       Box of beasts     |       |       |       |     1 |     2 |       ||     3
       Lightning rod     |       |       |       |       |     4 |     4 ||     8
  Use: Scroll            |     5 |     4 |     1 |     6 |     8 |     2 ||    26
       Potion            |     2 |       |     6 |     7 |     8 |     3 ||    26
 Stab: Confused          |       |       |       |       |     1 |       ||     1
       Paralysed         |       |       |       |       |     2 |       ||     2
  Eat: Ration            |     1 |     2 |     5 |    10 |    23 |     2 ||    43
Armor: Robe              |    12 |       |       |     1 |       |       ||    13
       Ring mail         |    36 |    45 |    83 |    10 |   110 |    55 ||   339
       Skin              |       |       |    10 |       |       |       ||    10
       Troll leather arm |       |       |       |    81 |   186 |       ||   267
Dodge: Dodged            |    68 |    30 |    74 |   269 |   591 |   115 ||  1147
